 Dungeon Crawl Stone Soup version 0.31-a0-188-g5e087ee2ca (webtiles) character file.

Game seed: 15549322818874795049

53 qw the Shooter (level 3, 0/20 HPs)
             Began as a Deep Elf Hunter on June 23, 2023.
             Succumbed to an adder's poison
             ... on level 2 of the Dungeon.
             The game lasted 00:00:19 (1103 turns).

qw the Shooter (Deep Elf Hunter)                    Turns: 1103, Time: 00:00:19

Health: 0/20       AC:  6    Str: 10    XL:     3   Next: 62%
Magic:  5/5        EV:  9    Int: 13    God:
Gold:   68         SH:  0    Dex: 18    Spells: 2/2 levels left

rFire   . . .        Y - +0 shortbow
rCold   . . .        (shield currently unavailable)
rNeg    . . .        g - +0 scale mail
rPois   .            (no helmet)
rElec   .            (no cloak)
rCorr   .            (no gloves)
SInv    .            (no boots)
Will    .....        (no amulet)
Stlth   +            (no ring)
HPRegen 0.23/turn    (no ring)
MPRegen 0.09/turn

%: no passive effects
@: lethally poisoned (0 -> -8)
A: no striking features
a: no special abilities


You were on level 2 of the Dungeon.
You visited 1 branch of the dungeon, and saw 2 of its levels.

You collected 68 gold pieces.


   Skills:
 - Level 1.5 Fighting
 + Level 7.1 Ranged Weapons
 - Level 2.4 Dodging
 - Level 1.2 Stealth


You had 2 spell levels left.
You didn't know any spells.
Your spell library was empty.

Inventory:

Hand Weapons
 Y - a +0 shortbow (weapon)
Armour
 b - a +0 ring mail
 g - a +0 scale mail (worn)
Scrolls
 a - a scroll of enchant armour {unknown}
Potions
 f - 4 potions of curing
 h - a potion of brilliance {unknown}
 i - a potion of magic {unknown}
 j - a potion of haste {unknown}
 k - a potion of might

Dungeon Overview and Level Annotations

Branches:
Dungeon (2/15)

Altars:


Message History

You see here a quokka corpse.
A goblin comes into view. It is wielding a +0 dagger.
Found a ring mail.
The goblin shouts!
An adder comes into view.
Things that are here:
a +0 dagger; a goblin corpse
Enter note: You shoot an arrow.
The adder hisses angrily.
The arrow hits the goblin.
You kill the goblin!
A rat comes into view.
You shoot an arrow. The arrow hits the adder.
The adder is lightly wounded.
You shoot an arrow. The arrow hits the rat.
You kill the rat!
You shoot an arrow. The arrow closely misses the adder.
You shoot an arrow. The arrow barely misses the adder.
The adder bites you.
You are poisoned.
The adder poisons you! The adder bites you.
You are more poisoned.
The adder poisons you!
You shoot an arrow.
The arrow hits the adder but does no damage.
The adder is lightly wounded.
You feel very sick. The adder bites you but does no damage.
You shoot an arrow. The arrow misses the adder.
You feel sick. The adder bites you.
You are lethally poisoned!
The adder poisons you! The adder bites you.
You shoot an arrow. The arrow hits the adder!
The adder is almost dead.
You feel very sick.
The adder bites you but does no damage. x2
You shoot an arrow. The arrow hits the adder.
You kill the adder!
You die...

#######.#
#.......# .
###.####### .)
#.......# ...
#.##.##.#
.%..#####.##.#..#
........#....#.##
........######.#
###
..)....@%...%..#
#..
####....########
#.. ##...# #..
...... #..
#....... #..
#......[. #..
#......## #).
#####... #.. ###


There were no monsters in sight!

Vanquished Creatures
  3 adders (D:2)
  A dart slug (D:2)
  2 ball pythons
  3 bats (D:2)
  2 giant cockroaches (D:1)
  6 goblins
  3 hobgoblins
  2 quokkas (D:2)
  2 frilled lizards (D:1)
  8 rats
32 creatures vanquished.

Notes
Turn   | Place    | Note
-------+----------+-------------------------------------------
     0 | D:1      | qw the Deep Elf Hunter began the quest for the Orb.
     0 | D:1      | Reached XP level 1. HP: 12/12 MP: 3/3
     0 | D:1      | 0 ||| qw: Version: 0.3-a-9-g12657ce
     0 | D:1      | 0 ||| qw: Game counter: 4090
     0 | D:1      | 0 ||| qw: Always use a shield: true
     0 | D:1      | 0 ||| qw: God list: Okawaru
     0 | D:1      | 0 ||| qw: Allow faded altars: false
     0 | D:1      | 0 ||| qw: Do Orc after D:15 true
     0 | D:1      | 0 ||| qw: Do second Lair branch before Depths: true
     0 | D:1      | 0 ||| qw: Lair rune preference: random
     0 | D:1      | 0 ||| qw: Plans: Normal
     0 | D:1      | 0 ||| PLANNING D:1-11
   306 | D:1      | Reached skill level 6 in Ranged Weapons
   306 | D:1      | Reached XP level 2. HP: 16/16 MP: 4/4
   589 | D:1      | Found a faded altar of an unknown god.
   780 | D:1      | 780 ||| UPGRADING to +0 scale mail.
   790 | D:1      | 790 ||| DROPPING +0 leather armour.
   791 | D:1      | 791 ||| READING scroll labelled OKOC RIGUGIB.
   792 | D:1      | 792 ||| READING scroll labelled JAXTIH WYHU.
   793 | D:1      | 793 ||| DRINKING 5 smoky red potions.
   794 | D:1      | 794 ||| DRINKING 2 orange potions.
   795 | D:1      | 795 ||| DROPPING scroll of butterflies.
   943 | D:2      | Reached XP level 3. HP: 20/20 MP: 5/5
   974 | D:2      | Reached skill level 7 in Ranged Weapons
  1101 | D:2      | HP: 5/20 [adder (2)]
  1102 | D:2      | HP: 2/20 [poisoned by an adder]
  1103 | D:2      | Succumbed to an adder's poison

Levels and vault maps discovered:
D:1:      lemuel_arrival_behind_the_door_small, layout_basic,
          hellmonk_ecumenical_altar_heavens_door, solitary_fountain,
          kennysheep_decorative_pillar
D:2:      layout_basic

Skill      XL: |  1  2  3 |
---------------+----------+-----
Ranged Weapons | 6 7 |  7.1
Fighting       | |  1.5
Dodging        | |  2.4
Stealth        | |  1.2

Action                     || total
---------------------------++-------
   Fire: Shortbow          ||    62
    Use: Scroll            ||     2
         Potion            ||     2
 Armour: Leather armour    ||     1
         Scale mail        ||     9
  Dodge: Dodged            ||    10

Table legend:
 A = Non-vault XP
 B = Vault XP
 C = Vault XP percentage of total XP
 D = Non-vault monster count
 E = Vault monster count
 F = Vault count percentage of total count
                 A         B        C        D         E       F
            +---------+---------+-------+---------+---------+-------
      Total |      89 |       0 |   0.0 |      32 |       0 |   0.0
            +---------+---------+-------+---------+---------+-------
        D:1 |      21 |       0 |   0.0 |      14 |       0 |   0.0
        D:2 |      68 |       0 |   0.0 |      18 |       0 |   0.0
            +---------+---------+-------+---------+---------+-------
